 Dungeon Crawl Stone Soup version 0.27.1-34-g3ba077fa99 (webtiles) character file.

Game seed: 2898476909881077701

1640 Delamore the Covert (level 8, -6/50 HPs)
             Began as an Octopode Brigand on Feb 11, 2022.
             Was an Initiate of Gozag.
             Mangled by a gnoll sergeant (14 damage)
             ... on level 7 of the Dungeon.
             The game lasted 00:08:16 (8281 turns).

Delamore the Covert (Octopode Brigand)              Turns: 8281, Time: 00:08:17

Health: -6/50      AC:  1    Str: 11    XL:     8   Next: 99%
Magic:  17/17      EV: 16    Int: 13    God:    Gozag
Gold:   482        SH: 10    Dex: 15    Spells: 7/7 levels left

rFire    . . .     SeeInvis .   a - +2 dagger
rCold    . . .     Faith    .   f - +0 buckler
rNeg     . . .     Spirit   .   (helmet restricted)
rPois    .         Reflect  +   v - amulet of reflection
rElec    .         Harm     .   y - +4 ring of evasion
rCorr    .         Rampage  .   z - ring of magical power
Will     .....                  (no ring)
Stlth    +++++.....             (no ring)
HPRegen  0.16/turn              (no ring)
MPRegen  0.15/turn              (no ring)
                                (no ring)
                                (no ring)

@: lethally poisoned (-6 -> -32)
A: almost no armour, amphibious, 8 rings, camouflage 1, gelatinous body 1,
(nimble swimmer 1), tentacles
a: Renounce Religion, Potion Petition, Call Merchant, Bribe Branch


You were on level 7 of the Dungeon.
You worshipped Gozag.
Gozag was aware of your devotion.
You visited 2 branches of the dungeon, and saw 8 of its levels.

You collected 752 gold pieces.
You spent 259 gold pieces at shops.
You paid 11 gold pieces to Gozag.

Inventory:

Hand Weapons
 a - a +2 dagger (weapon)
 g - a +0 dagger of protection
 q - a +1 antimagic short sword
Missiles
 m - 2 datura-tipped darts (quivered)
 A - a throwing net
Armour
 f - a +0 buckler (worn)
 i - a +0 kite shield
Jewellery
 t - a ring of fire
 v - an amulet of reflection (around mantle)
 y - a +4 ring of evasion (left tentacle)
 z - a ring of magical power (right tentacle)
Wands
 C - a wand of paralysis (10)
 E - a wand of mindburst (8)
Scrolls
 d - a scroll of teleportation
 k - a scroll of fog
 l - 2 scrolls of vulnerability
 u - a scroll of fear
 w - a scroll of blinking
 x - a scroll of holy word
 B - a scroll of summoning
 D - a scroll of magic mapping
 F - 2 scrolls of noise
Potions
 e - 5 potions of brilliance
 h - a potion of mutation
 j - 2 potions of magic
 n - a potion of cancellation {unknown}
 o - a potion of invisibility
 p - a potion of lignification
 r - 3 potions of heal wounds {unknown}


   Skills:
 - Level 2.0 Fighting
 + Level 7.6 Short Blades
 - Level 2.0 Throwing
 - Level 1.0 Dodging
 - Level 10.0 Stealth
 - Level 4.0 Shields
 + Level 3.8 Evocations


You had 7 spell levels left.
You didn't know any spells.
Your spell library contained the following spells:

 Spells                   Type           Power      Damage    Failure   Level
 Foxfire                  Conj/Fire      0%         2x1d4     30%         1
 Conjure Flame            Conj/Fire      0%         6-21      67%         3
 Dazzling Flash           Conj/Hex       0%         N/A       67%         3
 Gell's Gravitas          Tloc           0%         N/A       67%         3
 Inner Flame              Hex/Fire       0%         N/A       67%         3
 Lesser Beckoning         Tloc           0%         N/A       67%         3
 Teleport Other           Tloc           0%         N/A       67%         3
 Agony                    Necr           0%         N/A       100%        5
 Silence                  Hex/Air        0%         N/A       100%        5


Dungeon Overview and Level Annotations

Branches:
Dungeon (7/15)             Temple (1/1) D:6

Altars:
Ashenzari
Cheibriados
Dithmenos
Elyvilon
Fedhas
Gozag
Kikubaaqudgha
Makhleb
Nemelex Xobeh
Okawaru
Qazlal
Ru
Sif Muna
Trog
Uskayaw
Vehumet
Wu Jian
Xom
Yredelemnul
Zin

Shops:
D:2 =   D:5 [   D:6 ?[[


Innate Abilities, Weirdness & Mutations

You cannot wear most types of armour.
You are amphibious.
You can wear up to eight rings at the same time.
Your skin changes colour to match your surroundings (Stealth+).
Your rubbery body absorbs attacks. (AC +1, EV +1)
((You are camouflaged near water. (Stealth+)))
You have tentacles for arms and can constrict up to eight enemies at once.


Message History

You hit the gnoll sergeant but do no damage.
You squeeze the gnoll sergeant.
The gnoll sergeant is lightly wounded.
You constrict the gnoll sergeant.
You feel sick. The gnoll sergeant misses you.
You hit the gnoll sergeant. You squeeze the gnoll sergeant.
The gnoll sergeant is heavily wounded.
You constrict the gnoll sergeant.
You feel sick. The gnoll sergeant barely misses you.
You hit the gnoll sergeant.
The gnoll sergeant is heavily wounded.
You constrict the gnoll sergeant, but do no damage.
You feel sick.
You hit the gnoll sergeant but do no damage.
The gnoll sergeant is heavily wounded.
You constrict the gnoll sergeant, but do no damage.
You feel sick. The gnoll sergeant misses you.
You hit the gnoll sergeant but do no damage.
The gnoll sergeant is heavily wounded.
You constrict the gnoll sergeant, but do no damage.
You completely miss the gnoll sergeant.
The gnoll sergeant is heavily wounded.
You constrict the gnoll sergeant.
You feel sick.
The gnoll sergeant hits you with a +2 trident of venom!
* * * LOW HITPOINT WARNING * * *
You are lethally poisoned!
You are too injured to fight recklessly!
You are too injured to fight recklessly!
You are too injured to fight recklessly!
You are too injured to fight recklessly!
You are too injured to fight recklessly!
You are too injured to fight recklessly!
You hit the gnoll sergeant but do no damage.
You squeeze the gnoll sergeant, but do no damage.
The gnoll sergeant is severely wounded.
You constrict the gnoll sergeant, but do no damage.
* * * LOW HITPOINT WARNING * * *
You feel very sick.
The gnoll sergeant hits you with a +2 trident of venom!
You die...
Your body crumbles into a pile of gold.

#.. ..... $ #...........(
#+####### #..........(.
........########..... .....
........#.....# .... .(.#
..............####'###(..##
..............#......$.....
.......#...)..#....g.......
########.<@g)(##...F.......
#...(..##....##...##
#.....($.....##...##
#.........(.........
#........(..........
####...##.........((
######....##...##
#.....##...# #.....#....#


You could see a gnoll sergeant.

Vanquished Creatures
  2 water moccasins
  An orc warrior (D:6)
  A black bear (D:6)
  An ogre (D:5)
  A phantom (D:6)
  A bullfrog (D:7)
  4 scorpions
  2 vampire bats (D:7)
  A bullfrog zombie (D:5)
  2 jellies (D:5)
  An orc priest (D:6)
  2 hounds
  2 gnoll shamans
  2 iguanas
  4 orc wizards
  A hound zombie (D:2)
  15 gnolls
  6 adders
  A shadow imp (D:7)
  A white imp (D:6)
  An ufetubus (D:3)
  5 worms
  An adder skeleton (D:4)
  3 dart slugs
  2 orcs
  6 ball pythons
  6 bat skeletons
  3 bat zombies
  9 endoplasms
  A giant cockroach (D:1)
  11 goblins
  6 hobgoblins
  3 jackals (D:1)
  4 quokkas
  3 ball python skeletons (D:2)
  A ball python zombie (D:2)
  6 bats
  A frilled lizard (D:2)
  2 giant cockroach zombies (D:2)
  4 kobolds
  A quokka skeleton (D:2)
  3 rats
133 creatures vanquished.

Vanquished Creatures (collateral kills)
  3 gnolls (D:6)
3 creatures vanquished.

Vanquished Creatures (others)
  A withered plant (D:2)
1 creature vanquished.

Grand Total: 137 creatures vanquished

Notes
Turn   | Place    | Note
-------+----------+-------------------------------------------
     0 | D:1      | Delamore the Octopode Brigand began the quest for the Orb.
     0 | D:1      | Reached XP level 1. HP: 14/14 MP: 1/1
    93 | D:1      | Reached XP level 2. HP: 18/19 MP: 2/2
   167 | D:1      | Reached skill level 6 in Stealth
   296 | D:1      | Reached XP level 3. HP: 22/24 MP: 3/3
   652 | D:1      | Found a faded altar of an unknown god.
   991 | D:2      | Found an opulent altar of Gozag.
   996 | D:2      | Reached XP level 4. HP: 29/29 MP: 4/4
  1002 | D:2      | Became a worshipper of Gozag Ym Sagoz the Greedy
  1007 | D:2      | Reached skill level 7 in Stealth
  1092 | D:2      | Found Kikhaw's Jewellery Boutique.
  1592 | D:3      | Reached XP level 5. HP: 34/34 MP: 5/5
  1596 | D:3      | Reached skill level 8 in Stealth
  2469 | D:4      | Reached XP level 6. HP: 39/39 MP: 6/6
  3065 | D:4      | Reached skill level 9 in Stealth
  3346 | D:4      | Reached skill level 1 in Shields
  4039 | D:5      | Entered Level 5 of the Dungeon
  4063 | D:5      | Reached XP level 7. HP: 45/45 MP: 7/7
  4115 | D:5      | Found a stormy altar of Qazlal.
  4322 | D:5      | Found Eghoor's Armour Emporium.
  4333 | D:5      | Found a broken altar of Ashenzari.
  4546 | D:5      | Reached skill level 10 in Stealth
  4555 | D:5      | Found a glowing silver altar of Zin.
  5047 | D:5      | Reached skill level 5 in Short Blades
  5587 | D:6      | Reached XP level 8. HP: 25/50 MP: 8/8
  5805 | D:6      | Found Laof's Armour Boutique.
  5883 | D:6      | Found Mukut's Antique Armour Shoppe.
  6213 | D:6      | Found Hotoj's Magic Scroll Shoppe.
  6224 | D:6      | Found a staircase to the Ecumenical Temple.
  6479 | D:6      | Bought a scroll of blinking for 97 gold pieces
  6479 | D:6      | Bought a scroll of magic mapping for 45 gold pieces
  6479 | D:6      | Bought a scroll of identify for 26 gold pieces
  6479 | D:6      | Bought a scroll of identify for 26 gold pieces
  6479 | D:6      | Bought a scroll of identify for 26 gold pieces
  6479 | D:6      | Bought a scroll of identify for 26 gold pieces
  6479 | D:6      | Bought a scroll of noise for 13 gold pieces
  6699 | D:7      | Reached skill level 1 in Evocations
  6943 | D:7      | Found a bloodstained altar of Trog.
  7083 | D:7      | Found an ancient bone altar of Kikubaaqudgha.
  7537 | Temple   | Entered the Ecumenical Temple
  8281 | D:7      | Mangled by a gnoll sergeant

Illustrated notes

Levels and vault maps discovered:
D:1:      dpeg_arrival_arbitrary_c, layout_loops_cross,
          ebering_ecumenical_altar_webs
D:2:      layout_loops_cross, basic_altar, serial_undead, serial_undead_d,
          serial_undead_d, serial_undead_c, serial_undead_b, serial_undead_e,
          serial_undead_a, serial_undead_d, serial_shops, shop,
          kennysheep_generic_room_5
D:3:      layout_loops_cross, minmay_statues_item, minmay_misc_feat_roman
D:4:      layout_gridville, minmay_misc_feat_five, minmay_close_crescents
D:5:      layout_basic, kennysheep_little_box, mainiacjoe_overflow_boulevard,
          nicolae_qazlal_general_emergency, serial_shops, shop,
          chequers_serial_rivers_large_b
D:6:      layout_basic, minmay_temple_entry_offerings, serial_shops, shop,
          nicolae_shop_trees, shop, kennysheep_generic_room_15
D:7:      layout_gridville, trog_three_pillars_becter, kennysheep_vampire_church
Temple:   minmay_freezing_vapour_temple

Skill      XL: |  1  2  3  4  5  6  7  8 |
---------------+-------------------------+-----
Stealth        | 6 7 8 9 10 | 10.0
Short Blades   | 3 4 5 7 |  7.6
Shields        | 1 3 4 |  4.0
Evocations     | 3 |  3.8
Fighting       | |  2.0
Throwing       | |  2.0
Dodging        | |  1.0

Action                   |  1- 3 |  4- 6 |  7- 9 || total
-------------------------+-------+-------+-------++-------
Melee: Dagger            |    47 |   104 |   145 ||   296
       Constrict         |     3 |    20 |    24 ||    47
       Tentacles         |     2 |    20 |    32 ||    54
Throw: Dart              |       |       |    27 ||    27
Evoke: Wand              |       |       |     1 ||     1
  Use: Scroll            |     1 |     6 |     5 ||    12
       Potion            |       |     1 |     1 ||     2
 Stab: Sleeping          |    28 |    22 |    18 ||    68
       Distracted        |       |     1 |       ||     1
Armor: Skin              |     3 |    11 |     7 ||    21
Dodge: Dodged            |    12 |    31 |    49 ||    92
Block: Buckler           |       |     3 |    40 ||    43
